 Dungeon Sprint DCSS version 0.29.1-4-g47bece8355 (webtiles) character file.

Game seed: 13106418926589561659

21 boopmooplesden the Chopper (level 2, -2/29 HPs)
             Began as a Minotaur Berserker on Dec 6, 2022.
             Was a Believer of Trog.
             Slain by Crazy Yiuf
             ... wielding a +3 quarterstaff of chaos
              (7 damage)
             ... while paralysed by Crazy Yiuf
             ... in the Dungeon (Sprint III: "The Ten Rune Challenge").
             The game lasted 00:00:15 (53 turns).

boopmooplesden the Chopper (Minotaur Berserker)       Turns: 53, Time: 00:00:15

Health: -2/29      AC:  2    Str: 21    XL:     2   Next: 62%
Magic:  1/1        EV:  2    Int:  4    God:    Trog [**....]
Gold:   0          SH:  0    Dex:  9    Spells: 1/1 levels left

rFire   . . .      SeeInvis .   a - +0 hand axe
rCold   . . .      Faith    .   (no shield)
rNeg    . . .      Spirit   .   b - +0 animal skin
rPois   .          Reflect  .   (helmet restricted)
rElec   .          Harm     .   (no cloak)
rCorr   .          Rampage  .   (no gloves)
Will    .....      NoTele   +   (no boots)
Stlth   +.........              (no amulet)
HPRegen 0.09/turn               (no ring)
MPRegen 0.07/turn               (no ring)

@: paralysed, on berserk cooldown, slowed
A: horns 2, retaliatory headbutt
a: Renounce Religion, Berserk, Trog's Hand


You were in the Dungeon.
You worshipped Trog.
Trog was pleased with you.
You visited 1 branch

Inventory:

Hand Weapons
 a - a +0 hand axe (weapon)
Armour
 b - a +0 animal skin (worn)
Scrolls
 h - a scroll of blinking
Potions
 c - a potion of curing
 d - a potion of heal wounds
 e - a potion of haste
 f - 2 potions of magic
 g - a potion of berserk rage


   Skills:
 + Level 5.3 Fighting
 + Level 5.7 Axes
 + Level 3.0 Armour
 + Level 2.8 Dodging


You had one spell level left.
You didn't know any spells.
Your spell library was empty.

Dungeon Overview and Level Annotations

Branches:
Dungeon (1/1)

Altars:

Annotations:
D Crazy Yiuf


Innate Abilities, Weirdness & Mutations

You have a pair of horns on your head.
You reflexively headbutt those who attack you in melee.


Message History

You feel yourself moving faster!
You feel mighty!
You hit the human.
The human is lightly wounded.
The human barely misses you.
You barely miss the human.
The human is lightly wounded.
The human closely misses you.
You barely miss the human.
The human is lightly wounded.
You barely miss the human.
The human is lightly wounded.
The human hits you!
You slash the human!
The human is moderately wounded.
The human completely misses you.
You barely miss the human. You headbutt the human!
The human is severely wounded.
The human hits you.
You slash the human!
The human is almost dead.
You slash the human!
You kill the human!
Trog accepts your kill.
Your Fighting skill increases to level 5!
Your Axes skill increases to level 5!
Your Armour skill increases to level 3!
You have reached level 2!
You slash Crazy Yiuf! You headbutt Crazy Yiuf.
Crazy Yiuf is severely wounded.
Crazy Yiuf hits you with a +3 quarterstaff of chaos!
You suddenly lose the ability to move!
Crazy Yiuf hits you with a +3 quarterstaff of chaos!
* * * LOW HITPOINT WARNING * * *
Crazy Yiuf hits you with a +3 quarterstaff of chaos.
* * * LOW HITPOINT WARNING * * *
Crazy Yiuf freezes you.
* * * LOW HITPOINT WARNING * * *
You are no longer berserk.
You feel yourself slow down.
Crazy Yiuf hits you with a +3 quarterstaff of chaos!
You die...

▓..##.......# .#
▓##.##.##...# .#
##.##.###..# ..#
▓#.####.##..# ...+
▓.###..##..##
#...# ▓#.....##..#
#....#
###..##...##.....#
##..##....#g.....#
#..###..##@#.....#
#).# #.. ####....#
▓▓▓▓ ▓▓▓ ▓▓▓▓▓


You could see Crazy Yiuf.

Vanquished Creatures
  A human (D)
  4 rats (D)
5 creatures vanquished.

Notes
Turn   | Place    | Note
-------+----------+-------------------------------------------
     0 | D        | boopmooplesden the Minotaur Berserker began the quest for
                  | the Orb.
     0 | D        | Reached XP level 1. HP: 19/19 MP: 0/0
    27 | D        | Reached ** piety under Trog
    39 | D        | Noticed Crazy Yiuf
    50 | D        | Reached skill level 5 in Fighting
    50 | D        | Reached skill level 5 in Axes
    50 | D        | Reached XP level 2. HP: 29/29 MP: 1/1
    50 | D        | Paralysed by Crazy Yiuf for 4 turns
    53 | D        | Slain by Crazy Yiuf

Illustrated notes

Levels and vault maps discovered:
D:        dungeon_sprint_mu [sprint_mu_entry_cave, sprint_mu_temple_rooms,
          sprint_mu_d1_spiders, sprint_mu_d2_genie, sprint_mu_d3_branching,
          sprint_mu_orc_legion, sprint_mu_elf_gauntlet, sprint_mu_hive_nellie,
          sprint_mu_lair_fedhas, sprint_mu_vaults_butterflies,
          sprint_mu_slime_circle, sprint_mu_swamp_cave, sprint_mu_snake_twists,
          sprint_mu_blade_basic, sprint_mu_crypt_fortress,
          sprint_mu_tomb_spiral, sprint_mu_vestibule_basic,
          sprint_mu_gehenna_hellfire, sprint_mu_dis_giant,
          sprint_mu_tartarus_statrot, sprint_mu_cocytus_islands, sprint_mu_zot1]

Skill      XL: |  1 |
---------------+----+-----
Fighting       | 5 |  5.3
Axes           | 5 |  5.7
Armour         | 3 |  3.0
Dodging        | |  2.8

Action                   || total
-------------------------++-------
Melee: Hand axe          ||    15
       Headbutt          ||     2
Invok: Berserk           ||     1
Dodge: Dodged            ||     5
